Map: Eastwatch LE

Players

GGHades - Winner!

  • Race: Protoss Protoss
  • League: Silver
  • Spawn Location: 7:00

byxis

  • Race: Protoss Protoss
  • Spawn Location: 1:00

VOD

Have the link to the VOD?

Description

Time

  • Played on: Feb. 19, 2018, 12:02 p.m.
  • Length: 8:27
Show
View Real Time Build Order
Export as new Build Order

GGHades Protoss - Winner!

Build Orders: 1 Gate Expand 

Get SALT Encoding   

  12  0:02  Probe  
  13  0:15  Probe  
  13  0:19  Pylon  
  14  0:27  Probe  
  15  0:38  Gateway  
  15  0:41  Assimilator  
  15  0:43  Probe  
  16  0:56  Probe (Chrono Boost)  
  17  1:08  Probe (Chrono Boost)  
  18  1:14  Probe (Chrono Boost)  
  19  1:29  Probe  
  20  1:33  Nexus  
  20  2:00  Cybernetics Core  
  20  2:02  Gateway  
  20  2:03  Zealot  
  20  2:05  Probe (Chrono Boost)  
  23  2:33  Pylon  
  23  2:40  Pylon  
  23  2:44  Probe (Chrono Boost)  
  25  2:53  Probe (Chrono Boost)  
  25  2:54  Probe (Chrono Boost)  
  25  2:55  Warp Gate (Chrono Boost)  
  25  2:56  Stalker x2  
  30  3:08  Shield Battery  
  30  3:19  Robotics Facility  
  30  3:21  Probe, Assimilator  
  30  3:23  Probe  
  32  3:34  Probe  
  33  3:41  Robotics Facility  
  33  3:45  Probe  
  34  3:53  Probe  
  35  3:56  Probe  
  35  4:00  Assimilator  
  36  4:04  Immortal (Chrono Boost), Probe  
  41  4:12  Probe  
  42  4:22  Assimilator  
  42  4:24  Probe  
  43  4:29  Observer  
  44  4:36  Probe  
  45  4:43  Probe  
  46  4:47  Immortal (Chrono Boost)  
  46  4:48  Probe  
  46  4:50  Nexus  
  51  5:06  Probe  
  52  5:15  Pylon  
  52  5:18  Probe  
  52  5:20  Pylon  
  53  5:30  Probe  
  53  5:33  Immortal, Probe  
  53  5:34  Pylon  
  59  5:42  Stalker x2  
  63  5:43  Pylon  
  63  5:45  Immortal (Chrono Boost)  
  64  6:07  Probe  
  64  6:08  Pylon, Probe  
  64  6:10  Pylon, Probe  
  67  6:19  Probe  
  67  6:24  Stalker x2  
  72  6:29  Probe  
  72  6:32  Robotics Bay  
  73  6:34  Probe  
  74  6:47  Shield Battery  
  74  6:50  Shield Battery  
  74  6:52  Probe  
  74  6:53  Probe  
  76  6:55  Gateway  
  76  6:57  Gateway  
  76  7:12  Stalker x2  
  78  7:54  Stalker  
  78  7:55  Stalker  
Show
View Real Time Build Order
Export as new Build Order

byxis Protoss 

Build Orders:  

Get SALT Encoding   

  12  0:12  Probe (Chrono Boost)  
  14  0:22  Probe (Chrono Boost)  
  14  0:39  Probe  
  15  0:47  Assimilator  
  15  0:57  Pylon  
  15  1:00  Pylon  
  15  1:15  Probe  
  16  1:26  Gateway  
  16  1:27  Gateway, Probe  
  17  1:39  Probe  
  18  1:50  Pylon  
  18  1:51  Probe  
  19  2:19  Pylon  
  19  2:23  Pylon  
  19  2:27  Cybernetics Core  
  19  2:41  Forge  
  19  2:59  Warp Gate (Chrono Boost)  
  19  3:05  Probe  
  20  3:09  Assimilator  
  20  3:17  Probe  
  20  3:19  Pylon  
  21  3:52  Gateway x2  
  21  4:00  Photon Cannon  
  21  4:03  Photon Cannon  
  21  4:09  Photon Cannon  
  21  4:10  Protoss Shields Level 1  
  21  4:15  Photon Cannon  
  21  4:57  Stalker x3  
  21  4:58  Stalker  
  29  5:06  Twilight Council  
  29  5:12  Gateway  
  29  5:13  Gateway  
  29  5:18  Pylon  
  29  5:20  Pylon  
  29  5:21  Pylon  
  27  6:17  Stalker x4  
  35  6:50  Stalker  
  35  6:51  Stalker x3  
  35  6:52  Stalker  
Tags
 
League
Silver
Matchup
PvP
Spawn Locations
Cross Positions
Add a new tag
Caveats
  • Supply blocks, unpowered buildings, or Contaminate may cause inaccurate times.
  • Supply counts are checked every 10 seconds.